Map: Ascension to Aiur LE

Players

Radius

  • Race: Terran Terran
  • League: Platinum
  • Spawn Location: 11:00

Yata - Winner!

  • Race: Zerg Zerg
  • League: Platinum
  • Spawn Location: 5:00

VOD

Have the link to the VOD?

Description

Time

  • Played on: Sept. 17, 2017, 4:31 p.m.
  • Length: 15:09
Show
View Real Time Build Order
Export as new Build Order

Radius Terran 

Build Orders:  

Get SALT Encoding   

  12  0:01  SCV  
  13  0:13  SCV  
  14  0:18  Supply Depot  
  14  0:25  SCV  
  15  0:31  Refinery  
  15  0:40  SCV  
  16  0:46  Barracks  
  16  0:52  SCV  
  17  1:04  SCV  
  18  1:16  SCV  
  18  1:18  Refinery  
  19  1:28  SCV  
  20  1:35  Supply Depot  
  20  1:41  Orbital Command  
  20  1:59  Factory  
  20  2:06  SCV  
  21  2:19  SCV  
  22  2:26  Command Center  
  22  2:42  SCV  
  23  2:44  Widow Mine  
  25  2:51  Factory  
  25  2:56  Armory  
  25  3:04  SCV  
  26  3:16  SCV  
  26  3:17  Widow Mine  
  29  3:23  Marine  
  30  3:51  Factory Tech Lab  
  30  3:52  Factory Tech Lab  
  30  3:56  Terran Vehicle Weapons Level 1  
  30  3:57  SCV  
  30  4:00  Command Center  
  30  4:01  SCV  
  32  4:13  SCV  
  32  4:14  Supply Depot  
  33  4:25  SCV  
  34  4:37  SCV  
  35  4:44  Factory  
  35  4:49  SCV  
  35  4:50  Thor, Starport  
  42  5:01  SCV  
  43  5:20  SCV  
  38  5:27  Thor  
  44  5:31  SCV  
  44  5:32  SCV  
  46  5:36  SCV  
  47  5:43  SCV  
  47  5:44  SCV  
  47  5:48  SCV  
  50  5:56  SCV  
  50  5:57  SCV  
  52  6:09  SCV  
  52  6:10  Terran Vehicle And Ship Armor Level 1  
  53  6:12  SCV  
  53  6:14  Refinery  
  53  6:16  Refinery  
  54  6:20  Refinery  
  54  6:21  SCV x2  
  54  6:23  Refinery  
  54  6:24  SCV  
  57  6:33  SCV x2  
  57  6:34  Starport Tech Lab  
  57  6:36  Factory Reactor, SCV  
  57  6:37  Command Center  
  57  6:39  Starport  
  60  6:45  SCV x2  
  60  6:46  Armory  
  62  6:48  SCV  
  62  6:52  Fusion Core  
  63  6:57  SCV  
  64  7:09  SCV x2  
  66  7:18  Engineering Bay  
  66  7:19  Starport Tech Lab  
  66  7:21  SCV, Starport  
  66  7:22  SCV  
  68  7:33  Supply Depot, SCV  
  68  7:35  Supply Depot  
  69  7:43  Supply Depot  
  69  7:48  Widow Mine x2, SCV x2  
  75  7:51  Supply Depot  
  75  7:55  Supply Depot  
  75  7:57  Supply Depot  
  75  8:01  Supply Depot, SCV x2  
  77  8:09  Starport Tech Lab  
  76  8:13  SCV x2  
  78  8:20  Thor  
  78  8:25  SCV  
  85  8:37  SCV  
  83  8:53  Battlecruiser  
  83  8:54  Battlecruiser  
  93  8:57  Battlecruiser  
  99  9:03  Planetary Fortress  
  99  9:06  Refinery  
  99  9:07  Planetary Fortress  
  99  9:12  Planetary Fortress  
  99  9:21  Thor  
  105  9:31  Thor  
  111  9:52  Starport  
  85  10:18  Siege Tank x2  
  85  10:20  Widow Mine x2  
  95  10:22  Battlecruiser  
  95  10:26  Battlecruiser  
  95  10:28  SCV  
  108  10:40  Starport Tech Lab, SCV  
  109  10:43  Starport  
  109  10:48  Supply Depot  
  109  10:51  Supply Depot  
  109  10:52  SCV  
  110  11:04  SCV  
  110  11:08  Widow Mine x2  
  115  11:18  SCV  
  115  11:22  Refinery  
  116  11:31  SCV  
  113  11:37  Widow Mine x2  
  113  11:38  Siege Tank x2  
  123  11:43  SCV  
  124  11:55  SCV  
  124  11:58  Command Center  
  125  12:07  SCV, Missile Turret  
  126  12:19  SCV  
  126  12:21  Command Center  
  127  12:23  Starport Tech Lab  
  127  12:30  Missile Turret  
  127  12:31  SCV  
  125  12:44  SCV  
  125  12:47  Cloaking Field  
  125  12:48  Hyperflight Rotors  
  125  12:49  Banshee  
  125  12:50  Banshee x2  
  124  12:56  SCV  
  124  12:57  Terran Ship Weapons Level 1  
  122  13:23  Banshee  
  122  13:26  Banshee  
  124  13:28  Supply Depot  
  124  13:32  Banshee  
  121  13:34  Supply Depot  
  121  13:36  Supply Depot  
  120  13:41  Supply Depot  
  101  14:27  Siege Tank x2  
Show
View Real Time Build Order
Export as new Build Order

Yata Zerg - Winner!

Build Orders: Hatch First 

Get SALT Encoding   

  12  0:03  Drone  
  13  0:12  Overlord  
  13  0:17  Drone  
  14  0:31  Drone x2  
  16  0:36  Drone  
  17  0:55  Drone  
  17  0:56  Hatchery  
  17  1:02  Drone  
  18  1:09  Extractor  
  17  1:20  Drone x2  
  17  1:22  Spawning Pool  
  18  1:29  Drone  
  19  1:40  Overlord  
  19  1:52  Drone  
  20  2:04  Drone  
  21  2:09  Queen  
  21  2:11  Queen  
  21  2:13  Zergling x4  
  21  2:15  Metabolic Boost  
  27  2:18  Drone  
  28  2:28  Drone  
  28  2:29  Evolution Chamber  
  28  2:36  Baneling Nest  
  27  2:37  Drone x2  
  29  2:50  Drone  
  29  2:51  Drone  
  31  2:53  Queen  
  31  2:57  Extractor, Drone  
  33  2:58  Drone  
  33  3:02  Overlord  
  34  3:23  Spore Crawler  
  34  3:24  Zergling x8  
  37  3:51  Baneling x3  
  37  3:58  Lair  
  37  4:02  Drone x2  
  39  4:03  Drone x2  
  39  4:04  Drone x3  
  39  4:06  Overlord  
  39  4:07  Overlord  
  44  4:14  Baneling x3  
  44  4:15  Baneling  
  44  4:26  Drone x7  
  51  4:46  Hatchery  
  51  4:50  Drone x2  
  52  4:53  Extractor, Drone x2  
  52  4:54  Drone  
  54  5:00  Hydralisk Den  
  51  5:22  Zergling x12  
  57  5:28  Zerg Melee Weapons Level 1  
  57  5:31  Muscular Augments  
  57  5:49  Zergling x6  
  60  5:51  Infestation Pit  
  60  5:55  Centrifical Hooks  
  59  5:58  Queen  
  59  6:03  Drone x5  
  66  6:31  Hive  
  66  6:35  Overlord x5  
  66  6:36  Overlord  
  66  6:56  Drone x6  
  66  6:57  Drone x4, Evolution Chamber  
  66  6:58  Drone  
  76  7:05  Zergling x2  
  76  7:06  Zergling x4  
  79  7:17  Spore Crawler  
  79  7:18  Spore Crawler  
  77  7:24  Zerg Missile Weapons Level 1  
  77  7:25  Zerg Ground Armor Level 1  
  77  7:26  Hydralisk x9  
  90  7:50  Pneumatized Carapace  
  90  7:54  Hydralisk  
  90  7:55  Hydralisk  
  93  8:10  Overlord x2  
  92  8:19  Zergling x2  
  90  8:20  Zergling x20  
  98  8:43  Hatchery  
  97  8:54  Overseer  
  96  8:56  Hydralisk x8  
  96  8:57  Hydralisk  
  96  8:59  Zergling x2  
  96  9:00  Zergling x12  
  96  9:02  Overlord x3  
  121  9:12  Overlord  
  121  9:13  Overlord x2  
  121  9:21  Baneling x3  
  121  9:22  Baneling x4  
  121  9:32  Extractor  
  121  9:34  Drone x3  
  121  9:35  Drone x2  
  125  9:43  Ultralisk Cavern  
  103  10:04  Hydralisk x2  
  103  10:05  Hydralisk x2  
  98  10:13  Zergling x24  
  98  10:14  Zergling x2  
  101  10:22  Drone x3  
  101  10:23  Drone x5  
  109  10:32  Extractor  
  109  10:33  Extractor  
  107  10:36  Hydralisk x6  
  107  10:41  Overseer  
  119  10:45  Overseer  
  119  10:52  Extractor x2  
  117  11:01  Hydralisk  
  117  11:02  Hydralisk x3  
  125  11:15  Drone x6  
  125  11:16  Drone x3  
  125  11:17  Queen  
  136  11:21  Hydralisk x5  
  135  11:34  Zergling x22  
  146  11:40  Zerg Missile Weapons Level 2  
  146  11:41  Zerg Ground Armor Level 2  
  146  11:50  Hydralisk x4  
  153  12:18  Ultralisk x2  
  153  12:20  Overlord x2  
  153  12:21  Overlord x3  
  165  12:34  Chitinous Plating  
  155  12:45  Ultralisk  
  155  12:46  Ultralisk x2  
  155  12:50  Zergling x2  
  155  12:51  Zergling x38  
  197  13:12  Ultralisk  
  197  13:17  Zergling x14  
  197  13:18  Zergling x2  
  187  14:02  Hydralisk x5  
  187  14:03  Hydralisk x2  
  187  14:06  Hatchery  
  187  14:09  Hatchery  
  197  14:19  Hatchery  
  196  14:31  Overseer x3  
Tags
 
Add a new tag
Caveats
  • Supply blocks, unpowered buildings, or Contaminate may cause inaccurate times.
  • Supply counts are checked every 10 seconds.